 Dungeon Crawl Stone Soup version 0.23.2-1-ga50397a (webtiles) character file.

Game seed: 4499768037340600458

39 shadizar the Covered (level 3, 0/23 HPs)
             Began as a Gargoyle Fighter on May 11, 2019.
             Slain by an adder (2 damage)
             ... on level 1 of the Dungeon.
             The game lasted 00:00:56 (614 turns).

shadizar the Covered (Gargoyle Fighter)              Turns: 614, Time: 00:00:57

Health: 0/23       AC: 10    Str: 20    XL:     3   Next: 45%
Magic:  3/3        EV:  7    Int:  8    God:
Gold:   27         SH:  9    Dex:  9    Spells: 2/2 levels left

rFire    . . .     SeeInvis .   a - +0 flail
rCold    . . .     Gourm    .   c - +0 shield
rNeg     + . .     Faith    .   b - +0 scale mail
rPois    ∞         Spirit   .   (no helmet)
rElec    +         Reflect  .   (no cloak)
rCorr    .         Harm     .   (no gloves)
MR       .....                  (no boots)
Stlth    ..........             (no amulet)
HPRegen  0.07/turn              (no ring)
MPRegen  0.08/turn              (no ring)

@: no status effects
A: negative energy resistance 1, electricity resistance, unbreathing,
petrification resistance, rot immunity, AC +3
a: no special abilities


You were on level 1 of the Dungeon.
You were not hungry.

You visited 1 branch of the dungeon, and saw 2 of its levels.

You collected 27 gold pieces.

Inventory:

Hand Weapons
 a - a +0 flail (weapon)
Armour
 b - a +0 scale mail (worn)
 c - a +0 shield (worn)
Jewellery
 l - an uncursed ring of poison resistance {unknown}
Scrolls
 e - 2 scrolls of noise {unknown}
 g - 3 scrolls of blinking {unknown}
 h - a scroll of identify {unknown}
 i - 2 scrolls of enchant armour {unknown}
 n - a scroll of magic mapping {unknown}
 o - a scroll of immolation {unknown}
Potions
 d - a potion of might
 k - a potion of heal wounds {unknown}
 m - 3 potions of brilliance {unknown}
Comestibles
 f - a ration


   Skills:
 + Level 3.6 Fighting
 + Level 2.4 Maces & Flails
 + Level 3.7 Armour
 + Level 0.8 Dodging
 + Level 3.6 Shields


You had 2 spell levels left.
You didn't know any spells.
Your spell library was empty.

Dungeon Overview and Level Annotations

Branches:
Dungeon (2/15)

Altars:


Innate Abilities, Weirdness & Mutations

You are resistant to torment.
Your stone body is resilient. (AC +3)
You are immune to poison.
You resist negative energy. (rN+)
You are resistant to electric shocks. (rElec)
You can survive without breathing.
You are immune to petrification.
You are immune to rotting.


Message History

You are too injured to fight recklessly!
You are too injured to fight recklessly!
You are too injured to fight recklessly!
You miss the adder. The adder bites you but does no damage.
The worm closely misses you.
The giant cockroach bites you but does no damage.
You block the adder's attack.
Your shield and scale mail prevent you from hitting the adder.
You block the giant cockroach's attack. The adder completely misses you.
The worm bites you!
* * * LOW HITPOINT WARNING * * *
You block the giant cockroach's attack.
You miss the adder. The adder bites you.
* * * LOW HITPOINT WARNING * * *
You block the giant cockroach's attack. You block the adder's attack.
The worm barely misses you.
You barely miss the adder. The adder bites you but does no damage.
The giant cockroach bites you but does no damage.
The adder bites you.
You die...

#.##.##.# #.##.##.#
#.##.##.#
#########.##.##.#
###########
##.........##.##.#
#.........#
...#####.........#
#.........# ....#
#.#....##.# #.........#
....####.#.#####w#
#.....♣...#
...............S@#
#....8....#
...#####.#.#####s#
#.........# ##..# #.#.#
#.# #.........# #..#
#.#.#####.####...<.....#
#..#
#......................#
#..#
###.#########.....######
#..# #.# ####### #..#
#.# #..# #.#


You could see a worm, an adder and a giant cockroach.

Vanquished Creatures
  A gnoll (D:1)
  A dart slug (D:1)
  A leopard gecko (D:1)
  2 giant cockroaches (D:1)
  2 hobgoblins (D:1)
  3 jackals (D:1)
  7 kobolds (D:1)
  3 bats (D:1)
  A frilled lizard (D:1)
  2 goblins (D:1)
  2 rats (D:1)
25 creatures vanquished.

Notes
Turn   | Place    | Note
-------+----------+-------------------------------------------
     0 | D:1      | shadizar the Gargoyle Fighter began the quest for the Orb.
     0 | D:1      | Reached XP level 1. HP: 14/14 MP: 1/1
    87 | D:1      | Reached XP level 2. HP: 17/19 MP: 2/2
   158 | D:1      | Reached XP level 3. HP: 11/23 MP: 3/3
   614 | D:1      | Slain by an adder

Action                   || total
-------------------------++-------
Melee: Flail             ||   104
Armor: Scale mail        ||    83
Dodge: Dodged            ||    56
Block: Shield            ||    65
